 Dungeon Crawl Stone Soup version 0.30-a0-540-g0af01429fa (webtiles) character file.

Game seed: 13554496897007612275

398 Jase the Cutter (level 6, -8/32 HPs)
             Began as a Vine Stalker Fighter on Dec 25, 2022.
             Mangled by Edmund
             ... wielding a +4 dire flail of venom
              (11 damage)
             ... on level 4 of the Dungeon.
             The game lasted 00:07:18 (2264 turns).

Jase the Cutter (Vine Stalker Fighter)              Turns: 2264, Time: 00:07:19

Health: -8/32      AC:  6    Str: 18    XL:     6   Next: 83%
Magic:  0/7        EV:  9    Int:  8    God:
Gold:   174        SH:  5    Dex: 16    Spells: 5/5 levels left

rFire   + . .      SeeInvis .    a - +4 rapier (drain)
rCold   + . .      Faith    .    c - +0 buckler
rNeg    . . .      Spirit   +    b - +0 scale mail
rPois   +          Reflect  .    (no helmet)
rElec   +          Harm     .    (no cloak)
rCorr   +          Rampage  .    (no gloves)
Will    .....                    (no boots) Stlth
                                 (no amulet)
HPRegen 1.05/turn                u - ring of wizardry
MPRegen 0.10/turn                (no ring)

@: lethally poisoned (-8 -> -9), resistant, attractive, flying, hasted, very
quick
A: fangs 2, regeneration 1, magic shield, antimagic bite, no potion heal 2
a: no special abilities


You were on level 4 of the Dungeon.
You visited 1 branch of the dungeon, and saw 4 of its levels.

You collected 174 gold pieces.

Inventory:

Hand Weapons
 a - a +4 rapier of draining (weapon)
 p - a +0 sling
Missiles
 g - 22 poisoned darts (quivered)
 h - 5 boomerangs of dispersal
 n - 21 stones
Armour
 b - a +0 scale mail (worn)
 c - a +0 buckler (worn)
Jewellery
 l - a ring of fire
 t - the ring of Wu Jian's Envy {rN+ Will- rCorr Dex+3}
   (You found it on level 3 of the Dungeon)

   [ring of resist corrosion]

   Dex:       It affects your dexterity (+3).
   rN:        It protects you from negative energy.
   rCorr:     It protects you from acid and corrosion.
   Will:      It decreases your willpower.
 u - a ring of wizardry (left hand)
Scrolls
 f - a scroll of enchant armour {unknown}
 m - 2 scrolls of teleportation {unknown}
 o - 2 scrolls of identify
 q - a scroll of noise {unknown}
 s - a scroll of poison {unknown}
 w - 2 scrolls of vulnerability {unknown}
Potions
 k - a potion of flight
 x - a potion of ambrosia {unknown}


   Skills:
 - Level 2.6 Fighting
 + Level 6.4 Short Blades
 - Level 2.4 Armour
 - Level 2.6 Shields


You had 5 spell levels left.
You didn't know any spells.
Your spell library was empty.

Dungeon Overview and Level Annotations

Branches:
Dungeon (4/15)
 Temple: D:4-7

Altars:
Dithmenos
Nemelex Xobeh
Qazlal
Ru
Sif Muna

Shops:
D:2 :

Annotations:
D:4 Edmund


Innate Abilities, Weirdness & Mutations

You have extremely sharp teeth.
Your natural rate of healing is unusually fast.
When hurt, damage is shared between your health and your magic reserves.
Your bite disrupts and absorbs the magic of your enemies.
Potions cannot restore your health.


Message History

Throw: 2 darts (atropa)
Press: ? - help, Q - select action, (/) - cycle Shift-Dir - straight line, f/p - Edmund
Aim: Edmund, wielding a +4 dire flail of venom and wearing a +0 chain mail (68% to hit, chance to blind on hit: 51%)
You throw an atropa-tipped dart. The atropa-tipped dart hits Edmund.
Edmund resists.
Edmund hits you with a +4 dire flail of venom!
You are poisoned.
Throw: dart (atropa)
Press: ? - help, Q - select action, (/) - cycle Shift-Dir - straight line, f/p - Edmund
Aim: Edmund, wielding a +4 dire flail of venom and wearing a +0 chain mail (68% to hit, chance to blind on hit: 51%)
You throw an atropa-tipped dart. The atropa-tipped dart hits Edmund.
Edmund resists.
You feel very sick.
Edmund hits you with a +4 dire flail of venom.
You puncture Edmund!
Edmund is lightly wounded.
You feel very sick.
Edmund hits you with a +4 dire flail of venom.
You are more poisoned.
You feel protected.
* * * LOW HITPOINT WARNING * * *
You feel very sick. You block Edmund's attack.
It was a potion of flight.
You feel very buoyant.
You fly up into the air.
* * * LOW HITPOINT WARNING * * *
You feel very sick. You block Edmund's attack.
It was a potion of haste.
You feel yourself speed up.
* * * LOW HITPOINT WARNING * * *
You feel very sick. You block Edmund's attack.
It was a potion of attraction.
You feel attractive to monsters.
* * * LOW HITPOINT WARNING * * *
You feel sick. You block Edmund's attack.
It was a potion of heal wounds.
That seemed strangely inert.
You feel sick.
Edmund hits you with a +4 dire flail of venom!
You die...

#............#
#............#
#............#
#............#
#######'###### #...#
#.### .
########.#####... ..
#.....@@.........
......###(########...
.... #.......# .....
###.#####.#
...@..#.(.#
......@.#.#
###....##.# #..>. #.#
#...# #.#


You could see Edmund.

Vanquished Creatures
  Eustachio (D:4)
  2 orc priests (D:3)
  Natasha (twice) (D:3)
  2 orc wizards (D:3)
  3 adders
  A worm (D:2)
  A dart slug (D:3)
  8 orcs (D:3)
  5 endoplasms
  A giant cockroach (D:3)
  6 goblins
  11 hobgoblins
  5 quokkas
  7 ball pythons
  6 bats
  3 frilled lizards
  8 kobolds
  2 rats
74 creatures vanquished.

Notes
Turn   | Place    | Note
-------+----------+-------------------------------------------
     0 | D:1      | Jase the Vine Stalker Fighter began the quest for the Orb.
     0 | D:1      | Reached XP level 1. HP: 11/11 MP: 2/2
    37 | D:1      | Reached skill level 2 in Short Blades
    65 | D:1      | Reached XP level 2. HP: 16/16 MP: 3/3
   247 | D:1      | Reached skill level 3 in Short Blades
   290 | D:1      | Reached XP level 3. HP: 19/19 MP: 4/4
   818 | D:2      | Found a stormy altar of Qazlal.
  1014 | D:2      | Found Ostottaesm's Book Emporium.
  1369 | D:3      | Gained mutation: Your natural rate of healing is unusually
                  | fast. [Vine Stalker growth]
  1369 | D:3      | Reached XP level 4. HP: 23/23 MP: 5/5
  1476 | D:3      | Noticed Natasha
  1484 | D:3      | Killed Natasha
  1485 | D:3      | Reached skill level 4 in Short Blades
  1553 | D:3      | Noticed Natasha
  1560 | D:3      | Killed Natasha
  1561 | D:3      | Reached XP level 5. HP: 27/27 MP: 6/6
  1653 | D:3      | Identified the ring of Wu Jian's Envy {rN+ Will- rCorr
                  | Dex+3}
  1675 | D:3      | Reached skill level 5 in Short Blades
  1926 | D:3      | Identified the +3 sling of Insomnia {elec, Fragile rN+++
                  | Int+2 Dex+8}
  1999 | D:3      | Reached XP level 6. HP: 24/32 MP: 4/7
  2019 | D:3      | Found a sparkling altar of Nemelex Xobeh.
  2020 | D:3      | Found a shimmering blue altar of Sif Muna.
  2023 | D:3      | Found a sacrificial altar of Ru.
  2025 | D:3      | Found a shadowy altar of Dithmenos.
  2153 | D:4      | Noticed Eustachio
  2167 | D:4      | Killed Eustachio
  2168 | D:4      | Reached skill level 6 in Short Blades
  2247 | D:4      | Noticed Edmund
  2264 | D:4      | Mangled by Edmund

Illustrated notes

Levels and vault maps discovered:
D:1:      kennysheep_arrival_seaside, layout_basic, minivault_19,
          minmay_misc_feat_roman
D:2:      layout_basic, basic_altar, serial_shops, nicolae_shop_hallway_plus
D:3:      layout_loops_ring, minitemple, uniq_natasha
D:4:      layout_basic, serial_shops, nicolae_shop_behind_doors,
          hangedman_abyss_or_decor_lesser_grid, uniq_eustachio, uniq_pikel,
          uniq_edmund

Skill      XL: |  1  2  3  4  5  6 |
---------------+-------------------+-----
Short Blades   | 2 3 4 5 6 |  6.4
Fighting       | |  2.6
Armour         | |  2.4
Shields        | |  2.6

Action                   |  1- 3 |  4- 6 || total
-------------------------+-------+-------++-------
Melee: Rapier            |   135 |   123 ||   258
       Bite              |    37 |    24 ||    61
Throw: Dart              |       |     5 ||     5
  Use: Potion            |       |     6 ||     6
       Scroll            |       |     1 ||     1
Armor: Scale mail        |    60 |    43 ||   103
Dodge: Dodged            |    69 |    44 ||   113
Block: Buckler           |    44 |    28 ||    72

Table legend: (Time is in decaauts)
 A = Elapsed time spent in this place.
 B = Non-inter-level travel time spent in this place.
 C = Inter-level travel time spent in this place.
 D = Time resting spent in this place.
 E = Time spent auto-exploring this place.
 F = Levels seen in this place.
 G = Mean time per level.
                   A        B        C        D        E       F      G
               +--------+--------+--------+--------+--------+-----+--------+
         Total |   2277 |   2236 |     41 |     61 |   1569 |   4 |  569.2 |
       Dungeon |   2277 |   2236 |     41 |     61 |   1569 |   4 |  569.2 |
               +--------+--------+--------+--------+--------+-----+--------+

Top non-repeatable levels by time:
     D:1: 764 daAuts
     D:3: 728 daAuts
     D:2: 610 daAuts
     D:4: 174 daAuts
